 Dungeon Crawl Stone Soup version 0.28.0-47-ge53b351184 (webtiles) character file.

Game seed: 6973756545910496238

51 bromine the Chopper (level 3, -16/33 HPs)
             Began as a Hill Orc Berserker on Apr 26, 2022.
             Was a Follower of Jiyva.
             Demolished by a polar bear (25 damage)
             ... created by the rage of Trog
             ... on level 2 of the Dungeon on May 2, 2022.
             The game lasted 00:08:01 (1662 turns).

bromine the Chopper (Hill Orc Berserker)            Turns: 1662, Time: 00:08:02

Health: -16/33     AC:  5    Str: 21    XL:     3   Next: 81%
Magic:  3/3        EV: 11    Int:  7    God:    Jiyva [*.....]
Gold:   18         SH:  0    Dex: 10    Spells: 2/2 levels left

rFire   + . .      SeeInvis .   d - staff of fire
rCold   . . .      Faith    .   (no shield)
rNeg    . . .      Spirit   .   c - +0 ring mail
rPois   .          Reflect  .   (no helmet)
rElec   .          Harm     .   (no cloak)
rCorr   .          Rampage  .   (no gloves)
Will    .....                   (no boots)
Stlth   ..........              (no amulet)
HPRegen 0.91/turn               (no ring)
MPRegen 0.33/turn               (no ring)

@: no status effects
A: no striking features
a: Renounce Religion


You were on level 2 of the Dungeon.
You worshipped Jiyva.
Jiyva was aware of your devotion.
You visited 1 branch of the dungeon, and saw 2 of its levels.

You collected 18 gold pieces.

Inventory:

Hand Weapons
 a - a +0 hand axe
Armour
 b - a +0 animal skin
 c - a +0 ring mail (worn)
Magical Staves
 d - a staff of fire (weapon)
Scrolls
 f - a scroll of magic mapping {unknown}
 g - 2 scrolls of blinking {unknown}
 h - a scroll of acquirement {unknown}
Potions
 e - 2 potions of haste {unknown}


   Skills:
 + Level 4.2 Fighting
 + Level 4.7 Axes
 + Level 0.8 Staves
 + Level 2.7 Armour
 + Level 1.9 Dodging


You had 2 spell levels left.
You didn't know any spells.
Your spell library was empty.

Dungeon Overview and Level Annotations

Branches:
Dungeon (2/15)

Altars:
Hepliaklqana
Beogh
Jiyva


Message History

A kobold comes into view. It is wielding a +0 dagger.
A kobold is nearby!
A kobold is nearby!
A kobold is nearby!
h - a scroll labelled IFUZED OSUXUS You miss the kobold.
The kobold hits you but does no damage.
You hit the kobold but do no damage. Your punch misses the kobold.
The kobold completely misses you.
You closely miss the kobold. The kobold barely misses you.
You hit the kobold.
You kill the kobold!
Things that are here:
a +0 dagger; a kobold corpse Trog sends monsters to punish you. 2 polar bears and 2 black bears come into view.
There are monsters nearby!
Okay, then.
You hit the polar bear.
The polar bear is lightly wounded.
You hit the polar bear.
The polar bear is lightly wounded.
The polar bear closely misses you. x2
The polar bear claws you but does no damage.
The black bear bites you! The black bear closely misses you. x2
You hit the polar bear.
The polar bear is lightly wounded.
The polar bear barely misses you.
The polar bear claws you but does no damage. x2
The black bear bites you! The black bear claws you. The black bear misses you.
The polar bear bites you!
The polar bear claws you but does no damage.
The polar bear claws you.
* * * LOW HITPOINT WARNING * * *
The black bear barely misses you. The black bear closely misses you.
The black bear completely misses you.
You barely miss the polar bear.
The polar bear is lightly wounded.
The polar bear bites you!!
Ouch! That really hurt!
You die...

.# .# ### ... .#
#.. #.# .# #.# #.#
.# #.# #.# .###.##
#.. .##...######
#.# ....#......#
#h#
.##...####.#####@#
.....## #.....hh#
.###.#####..####h#
.................#
.#########.#######
.# #.#
.#########.#
...........#
############


You could see 2 polar bears and 2 black bears.

Vanquished Creatures
  An adder (D:2)
  A worm (D:2)
  A dart slug (D:1)
  2 bats (D:1)
  3 endoplasms (D:1)
  7 giant cockroaches (D:1)
  A goblin (D:1)
  2 hobgoblins (D:1)
  4 jackals (D:2)
  2 quokkas (D:1)
  4 kobolds
  3 rats
31 creatures vanquished.

Vanquished Creatures (others)
  An adder (D:2)
  A ball python (D:2)
  11 plants (D:1)
13 creatures vanquished.

Grand Total: 44 creatures vanquished

Notes
Turn   | Place    | Note
-------+----------+-------------------------------------------
     0 | D:1      | bromine the Hill Orc Berserker began the quest for the Orb.
     0 | D:1      | Reached XP level 1. HP: 19/19 MP: 1/1
   285 | D:1      | Reached XP level 2. HP: 17/27 MP: 2/2
   649 | D:1      | Fell from the grace of Trog
   905 | D:1      | Found a roughly hewn altar of Beogh.
   919 | D:1      | Reached XP level 3. HP: 29/33 MP: 3/3
  1007 | D:1      | Found a faded altar of an unknown god.
  1084 | D:1      | Prayed at the altar of an unknown god.
  1084 | D:1      | Became a worshipper of Jiyva Juiz the Shapeless
  1084 | D:1      | Reached * piety under Jiyva
  1526 | D:2      | Found a hazy altar of Hepliaklqana.
  1659 | D:2      | Noticed a polar bear
  1659 | D:2      | Noticed a black bear
  1659 | D:2      | Noticed a polar bear
  1659 | D:2      | Noticed a black bear
  1662 | D:2      | Demolished by a polar bear

Illustrated notes

Levels and vault maps discovered:
D:1:      elethiomel_arrival_infinity_welcomes_careful_drivers, layout_rooms,
          hellmonk_ecumenical_altar_defaced_shrine, glass_columns_b,
          minivault_23, chequers_big_river
D:2:      layout_loops_ring, basic_altar

Skill      XL: |  1  2 |
---------------+-------+-----
Fighting       | 4 |  4.2
Axes           | |  4.7
Staves         | |  0.8
Armour         | |  2.7
Dodging        | |  1.9

Action                   || total
-------------------------++-------
Melee: Hand axe          ||    25
       Staff             ||   119
       Punch             ||     1
Armor: Ring mail         ||   103
Dodge: Dodged            ||   143
